 Dungeon Crawl Stone Soup version 0.29.0-11-gd7f09526c8 (webtiles) character file.

Game seed: 15340332228123616525

84 Armakuni the Sneak (level 4, -3/35 HPs)
             Began as a Human Delver on Sept 6, 2022.
             Slain by a black bear (6 damage)
             ... on level 5 of the Dungeon.
             The game lasted 00:03:31 (647 turns).

Armakuni the Sneak (Human Delver)                    Turns: 647, Time: 00:03:32

Health: -3/35      AC:  3    Str: 15    XL:     4   Next: 72%
Magic:  4/4        EV: 12    Int: 10    God:
Gold:   68         SH:  0    Dex: 14    Spells: 3/3 levels left

rFire   . . .      SeeInvis .   a - +6 trident of Fyov Lem {drain, Will++}
rCold   + . .      Faith    .   (no shield)
rNeg    . . .      Spirit   .   b - +0 leather armour
rPois   .          Reflect  .   (no helmet)
rElec   .          Harm     .   (no cloak)
rCorr   .          Rampage  .   (no gloves)
Will    ++...                   (no boots)
Stlth   ++........              (no amulet)
HPRegen 0.11/turn               J - ring of protection from cold
MPRegen 0.09/turn               (no ring)

@: silenced
A: no striking features
a: no special abilities


You were on level 5 of the Dungeon.
You visited 1 branch of the dungeon, and saw 2 of its levels.

You collected 68 gold pieces.

Inventory:

Hand Weapons
 a - the +6 trident of Fyov Lem (weapon) {drain, Will++}
   (You found it on level 5 of the Dungeon)

   A truly terrible weapon, it drains the life of any living foe it strikes.
   Will:      It greatly increases your willpower.
 d - a +0 flail
 e - a +0 mace
Armour
 b - a +0 leather armour (worn)
Jewellery
 J - a ring of protection from cold (left hand)
Wands
 g - a wand of digging (3)
Scrolls
 c - a scroll of fog
 f - a scroll of silence


   Skills:
 - Level 3.0 Fighting
 + Level 4.5 Maces & Flails
 - Level 2.0 Dodging
 - Level 5.0 Stealth


You had 3 spell levels left.
You didn't know any spells.
Your spell library was empty.

Dungeon Overview and Level Annotations

Branches:
Dungeon (6/15)             Temple (0/1) D:6

Altars:
Okawaru
Trog
Xom
Zin
The Shining One

Annotations:
D:5 Dowan, Duvessa, Pikel


Message History

The black bear attacks as you move away!
The black bear bites you. The black bear claws you. x2
There is a stone staircase leading up here.
The black bear barely misses you.
The black bear claws you but does no damage. x2
You climb upwards.
Level annotation: Dowan, Duvessa, Pikel
Found a leather armour.
There is a stone staircase leading down here.
You completely miss the black bear. The black bear bites you.
The black bear claws you. The black bear closely misses you. x2
The black bear claws you but does no damage.
The black bear claws you.
You puncture the black bear!
The black bear is moderately wounded.
The black bear completely misses you. The black bear closely misses you.
The black bear claws you.
You aren't carrying any potions.
As you read the scroll labelled NUSYNE SICARO, it crumbles to dust.
A profound silence engulfs you.
It was a scroll of silence.
The black bear bites you!
* * * LOW HITPOINT WARNING * * *
The black bear claws you.
* * * LOW HITPOINT WARNING * * *
The black bear claws you but does no damage.
You aren't carrying any potions.
Unknown command.
You hit the black bear. You drain the black bear.
The black bear is severely wounded.
The black bear bites you but does no damage.
The black bear claws you but does no damage. x2
You hit the black bear.
The black bear is severely wounded.
The black bear barely misses you. The black bear misses you.
The black bear claws you.
* * * LOW HITPOINT WARNING * * *
You hit the black bear.
The black bear is almost dead.
The black bear goes berserk!
The black bear bites you.
You die...

# #. .###
[.#
#.###.###
#@h......
###...###
.....
.### #


You could see a black bear (berserk, unsilenced, drained).

Vanquished Creatures
  A phantom (D:5)
  An adder (D:6)
2 creatures vanquished.

Notes
Turn   | Place    | Note
-------+----------+-------------------------------------------
     0 | D:5      | Armakuni the Human Delver began the quest for the Orb.
     0 | D:5      | Reached XP level 1. HP: 18/18 MP: 1/1
    12 | D:6      | Noticed a centaur
    46 | D:5      | Noticed a phantom
    58 | D:5      | Noticed an iguana
    60 | D:5      | Noticed a lemure
    61 | D:5      | Noticed a lemure
    62 | D:5      | Noticed Pikel
    68 | D:5      | Noticed an iguana
    75 | D:5      | Noticed a lemure
    84 | D:5      | Identified the +6 trident of Fyov Lem {drain, Will++}
    99 | D:6      | Noticed a black bear
   104 | D:6      | Noticed an iguana
   170 | D:6      | Noticed a jelly
   244 | D:5      | Noticed a scorpion
   251 | D:5      | Noticed Duvessa
   257 | D:5      | Noticed Dowan
   269 | D:5      | Killed a phantom
   270 | D:5      | Reached XP level 2. HP: 1/24 MP: 2/2
   270 | D:5      | Reached XP level 3. HP: 1/29 MP: 3/3
   270 | D:5      | Reached XP level 4. HP: 2/35 MP: 4/4
   604 | D:6      | Found a glowing silver altar of Zin.
   610 | D:6      | Found a glowing golden altar of the Shining One.
   612 | D:6      | Found a bloodstained altar of Trog.
   612 | D:6      | Found an iron altar of Okawaru.
   618 | D:6      | Found a shimmering altar of Xom.
   637 | D:6      | Noticed a black bear
   637 | D:6      | Noticed a necrophage
   647 | D:5      | Slain by a black bear

Illustrated notes

Levels and vault maps discovered:
D:5:      layout_basic, minmay_misc_feat_plants, uniq_grinder, uniq_pikel,
          uniq_duvessa
D:6:      layout_rooms, nicolae_overflow_hallway_of_the_gods,
          minmay_temple_entry_arrows, portal_sewer_entry_b

Skill      XL: |  1 |
---------------+----+-----
Maces & Flails | 4 |  4.5
Fighting       | |  3.0
Dodging        | |  2.0
Stealth        | |  5.0

Action                   |  1- 3 |  4- 6 || total
-------------------------+-------+-------++-------
Melee: Trident           |     9 |     7 ||    16
  Use: Scroll            |     4 |     1 ||     5
       Potion            |     1 |       ||     1
Armor: Leather armour    |     2 |     8 ||    10
Dodge: Dodged            |     7 |    10 ||    17
